AoeStats
← [AirBo]一大包

Arabia

507521232Analyzed
4v4 RM · 12d ago on Sep 18, 2026· 29m 58s· 8 players
Game mode
Random Map
Map size
Large (8 player)
Population
200
Speed
Normal
Resources
Standard
Victory
Conquest
Starting age
Dark Age
Ending age
Imperial Age
RankedLock teamsTeams togetherTeam positionsShared explorationLock speedFull tech treeHidden civsTurbo modeCheats
Victory
Defeat
🇪🇸 Franks · Spain
1946
+4
🇨🇳 Mongols · China
1835
+6
🇹🇼 Slavs · Taiwan
1737
+9
🇫🇮 Persians · Finland
1736
+9
🇹🇼 Maya · Taiwan
1623
-8
🇹🇼 Persians · Taiwan
1608
-7
🇹🇼 Ethiopians · Taiwan
1582
-7
🇹🇼 Magyars · Taiwan
1552
-6
Moneimon
8:27 Feudal Age
9:09 Loom
9:11 Double-Bit Axe
14:52 Forging
16:51 Scale Barding Armor
18:25 Wheelbarrow
22:12 Castle Age
21:14 Gold Mining
23:08 Bow Saw
23:23 Chain Barding Armor
23:39 Husbandry
28:32 Stone Mining
29:18 Gold Shaft Mining
29:01 Town Watch
FUFU
5:51 Loom
8:44 Feudal Age
9:19 Double-Bit Axe
9:48 Horse Collar
12:42 Horse Collar
16:25 Scale Barding Armor
19:14 Wheelbarrow
19:21 Forging
23:20 Castle Age
21:12 Gold Mining
22:42 Bloodlines
23:23 Light Cavalry
24:03 Husbandry
24:44 Bow Saw
25:12 Chain Barding Armor
27:57 Iron Casting
27:59 Heavy Plow
爱人跟人走
8:00 Feudal Age
8:03 Man-at-Arms
9:21 Loom
14:08 Scale Mail Armor
14:47 Fletching
15:06 Double-Bit Axe
16:37 Horse Collar
22:01 Castle Age
20:52 Padded Archer Armor
21:03 Forging
20:48 Gold Mining
20:50 Stone Mining
22:51 Bodkin Arrow
23:08 Bow Saw
23:47 Wheelbarrow
23:42 Crossbowman
25:18 Ballistics
Sunset
5:17 Loom
22:20 Feudal Age
22:51 Double-Bit Axe
26:37 Castle Age
[AirBo]一大包
8:39 Feudal Age
8:08 Loom
9:09 Double-Bit Axe
9:58 Horse Collar
20:13 Forging
20:08 Scale Barding Armor
22:11 Castle Age
20:36 Scale Barding Armor
21:19 Forging
21:25 Bloodlines
21:46 Forging
22:13 Light Cavalry
23:40 Iron Casting
26:40 Chain Barding Armor
甜心包
0:27 Loom
9:08 Feudal Age
27:34 Castle Age
25:37 Double-Bit Axe
28:41 Bow Saw
28:14 Horse Collar
28:25 Gold Mining
28:27 Fletching
[AirBo]出氣包
5:20 Loom
13:44 Feudal Age
18:02 Wheelbarrow
25:23 Fletching
肉肉小狗
5:33 Loom
8:21 Feudal Age
9:07 Double-Bit Axe
14:55 Bloodlines
16:22 Scale Barding Armor
19:34 Wheelbarrow
21:08 Horse Collar
26:28 Castle Age
25:36 Gold Mining
27:31 Chain Barding Armor
26:32 Light Cavalry
Connection lost

Rejoining the realm…

Still unreachable

The connection could not be restored.

Session expired

The server has moved on; the page needs a fresh start.